 Dungeon Crawl Stone Soup version 0.24.0-1-gfbc8707122 (console) character file.

Game seed: 12114499410067208320, levelgen mode: deterministic

16 AlterAsc the Ruffian (level 2, 23/23 HPs)
             Began as a Draconian Transmuter on Oct 27, 2019.
             Quit the game on level 1 of the Dungeon.
             The game lasted 00:03:00 (451 turns).

AlterAsc the Ruffian (Draconian Transmuter)          Turns: 451, Time: 00:03:01

Health: 23/23      AC:  4    Str: 12    XL:     2   Next: 41%
Magic:  5/5        EV: 12    Int: 13    God:
Gold:   0          SH:  0    Dex: 11    Spells: 2/5 levels left

rFire    . . .     SeeInvis .     - Unarmed
rCold    . . .     Gourm    .   (no shield)
rNeg     . . .     Faith    .   (armour unavailable)
rPois    .         Spirit   .   (helmet restricted)
rElec    .         Reflect  .   (no cloak)
rCorr    .         Harm     .   (no gloves)
MR       .....     Rnd*Tele +   (no boots)
Stlth    +.........             (no amulet)
HPRegen  0.07/turn              d - ring of teleportation (curse)
MPRegen  0.09/turn              (no ring)

@: no status effects
A: unfitting armour, cold-blooded, AC +4
a: no special abilities


You were on level 1 of the Dungeon.
You were not hungry.

You visited 1 branch of the dungeon, and saw 1 of its levels.

Inventory:

Missiles
 a - 12 arrows
Jewellery
 d - a cursed ring of teleportation (left hand)
Comestibles
 c - 2 rations


   Skills:
 + Level 1.5 Fighting
 + Level 2.0 Dodging
 + Level 3.1 Unarmed Combat
 + Level 2.2 Spellcasting
 + Level 2.2 Transmutations


You had 2 spell levels left.
You knew the following spells:

 Your Spells              Type           Power        Failure   Level  Hunger
a - Beastly Appendage     Tmut           #.....       10%         1    ##.....
b - Sticks to Snakes      Tmut           #.......     16%         2    ###....

Your spell library contained the following spells:

 Spells                   Type           Power        Failure   Level  Hunger
 Spider Form              Tmut/Pois      #.........   43%         3    ####...
 Ice Form                 Ice/Tmut       #.......     83%         4    #####..
 Blade Hands              Tmut           #.........   95%         5    ######.


Dungeon Overview and Level Annotations

Branches:
Dungeon (1/15)

Altars:


Innate Abilities, Weirdness & Mutations

Your plain brown scales are hard. (AC +4)
You cannot fit into any form of body armour.
You are cold-blooded and may be slowed by cold attacks.


Message History

You finish memorising.
Spell assigned to 'b'.
You start resting.
Some of the chunks of flesh in your inventory have rotted away. x2
All of the chunks of flesh in your inventory have rotted away.
HP restored.
Items here: ) ÷÷÷ a +0 club; a kobold skeleton; a jackal skeleton x2
There isn't anything to butcher here.
d - a scratched ivory ring You feel slightly jumpy.
Oops, that ring feels deathly cold.
d - a cursed ring of teleportation (left hand)
As you read the scroll labeled VIN KUEBBY, it crumbles to dust.
It is a scroll of enchant armour.
You aren't carrying any armour which can be enchanted further.
As you read the scroll labeled PAOJOTUSOSCH, it crumbles to dust.
It is a scroll of identify.
You don't have any unidentified items.
Quiver which item? (- for none, * to show all) (? for menu, Esc to quit)
Okay, then.
Are you sure you want to abandon this character and quit the game? (Confirm with "yes".)

##.#########.###≈≈≈P≈≈≈≈
.......####)#.≈≈≈≈≈≈≈≈≈
.........#....PP≈P≈≈≈≈≈
####...........≈♣≈P≈≈≈≈≈
...............≈♣≈≈≈≈≈≈
##...........P≈♣P≈≈≈≈
#...........♣♣≈≈≈≈≈≈
#.......###.≈≈≈≈≈
####@#.## #≈♣≈P≈ #.#.#
♣♣ ≈ #.####.#.# ###
#......#.#.....
#..............≈
#...####.#.####≈ #.#.
#.#.# #. # #.. . #
###.##


There were no monsters in sight!

Vanquished Creatures
  A leopard gecko (D:1)
  A giant cockroach (D:1)
  A hobgoblin (D:1)
  4 jackals (D:1)
  3 bats (D:1)
  A frilled lizard (D:1)
  3 kobolds (D:1)
14 creatures vanquished.

Notes
Turn   | Place    | Note
-------+----------+-------------------------------------------
     0 | D:1      | AlterAsc the Draconian Transmuter began the quest for the
                  | Orb.
     0 | D:1      | Reached XP level 1. HP: 16/16 MP: 3/3
   151 | D:1      | Reached XP level 2. HP: 14/23 MP: 3/5
   211 | D:1      | Learned a level 2 spell: Sticks to Snakes
   451 | D:1      | Quit the game

Levels and vault maps discovered:
D:1:      enne_arrival_octagon_isle, layout_basic,
          minmay_misc_feat_secret_circle, hex_intersection, serial_bayou_lake_a

Skill      XL: |  1  2 |
---------------+-------+-----
Dodging        | 2 |  2.0
Fighting       | |  1.5
Unarmed Combat | |  3.1
Spellcasting   | |  2.2
Transmutations | |  2.2

Action                   || total
-------------------------++-------
Melee: Unarmed           ||    60
       Kick              ||     2
       Tailslap          ||     1
       Headbutt          ||     2
 Cast: Beastly Appendage ||     8
  Use: Scroll            ||     2
Armor: Skin              ||    24
Dodge: Dodged            ||    65
